 Dungeon Crawl Stone Soup version 0.20.0-8-g6b59dc7 (webtiles) character file.

51 straycat the Ducker (level 3, -2/28 HPs)
             Began as a Vampire Gladiator on May 31, 2017.
             Killed from afar by Sigmund (4 damage)
             ... with a magic dart
             ... on level 3 of the Dungeon on June 1, 2017.
             The game lasted 00:05:57 (1377 turns).

straycat the Ducker (Vampire Gladiator)             Turns: 1377, Time: 00:05:58

Health: -2/28      AC:  5    Str: 13    XL:     3   Next: 58%
Magic:  3/3        EV: 14    Int: 10    God:
Gold:   73         SH:  0    Dex: 16    Spells: 2/2 levels left

rFire    . . .     SeeInvis +   a - +1 rapier
rCold    + . .     Gourm    .   (no shield)
rNeg     + + .     Faith    .   b - +0 leather armour
rPois    +         Spirit   .   c - +0 helmet
rElec    .         Reflect  .   (no cloak)
rCorr    .         Harm     .   (no gloves)
MR       .....                  t - +0 pair of boots
Stlth    ++........             (no amulet)
Regen    0.1/turn               (no ring)
MPRegen  0.1/turn               (no ring)

@: confused, regenerating slowly
A: fangs 3, see invisible, unbreathing
a: Bat Form


You were on level 3 of the Dungeon.
You were very thirsty.

You visited 1 branch of the dungeon, and saw 3 of its levels.

You collected 73 gold pieces.

Inventory:

Hand Weapons
 a - a +1 rapier (weapon)
 o - a +2 whip of venom
Missiles
 d - 3 throwing nets (quivered)
 j - 48 stones
 p - 27 sling bullets
 s - 4 arrows
Armour
 b - a +0 leather armour (worn)
 c - a +0 helmet (worn)
 t - a +0 pair of boots (worn)
Scrolls
 f - 2 scrolls of identify {unknown}
 g - a scroll of recharging {unknown}
 l - a scroll of teleportation {unknown}
 q - a scroll of magic mapping {unknown}
Potions
 e - 14 potions of blood
 h - 4 potions of curing {unknown}
 i - a potion of degeneration {unknown}
 k - a potion of berserk rage {unknown}
 m - a potion of mutation {unknown}
 n - a potion of heal wounds {unknown}


   Skills:
 * Level 2.5 Fighting
 + Level 3.6 Short Blades
 - Level 1.5 Throwing
 * Level 4.1 Dodging
 + Level 1.2 Stealth


You had 2 spell levels left.
You didn't know any spells.

Dungeon Overview and Level Annotations

Branches:
Dungeon (3/15)

Altars:
Nemelex Xobeh

Annotations:
D:3 Sigmund


Innate Abilities, Weirdness & Mutations

You heal slowly.
You have razor-sharp teeth.
You have supernaturally acute eyesight. (SInv)
You can survive without breathing.


Message History

The puff of flame hits you! Sigmund casts a spell at you.
You are confused.
Things that are here:
a potion of blood; a frilled lizard skeleton You're too confused!
Sigmund hits you with a scythe!
* * * LOW HITPOINT WARNING * * *
Things that are here:
a potion of blood; a frilled lizard skeleton You bump into the rock wall.
Okay, then.
It was a potion of lignification.
You feel woody for a moment.
Sigmund flickers, as though insubstantial.
Sigmund casts a spell at you. You resist with some effort.
You bump into the rock wall.
Sigmund gestures at you while chanting. The magic dart hits you!
You die...

......# ....... .......
.......## ........#
..o..o..# ......oo#
#######@# #.# #@#
#.#####.# #.......#
#.######################
#.##...................#
#.##.#################.#
#.##.# #.# #.##.# #.#
#.##.# #.#


You could see Sigmund and 3 orcs.

Vanquished Creatures
  An adder (D:2)
  A dart slug (D:2)
  A leopard gecko (D:2)
  A ball python (D:2)
  4 giant cockroaches
  5 hobgoblins
  3 jackals
  A quokka (D:2)
  4 bats
  6 frilled lizards
  2 goblins
  4 kobolds (D:1)
  6 rats
39 creatures vanquished.

Notes
Turn   | Place    | Note
-------+----------+-------------------------------------------
     0 | D:1      | straycat the Vampire Gladiator began the quest for the Orb.
     0 | D:1      | Reached XP level 1. HP: 16/16 MP: 1/1
   218 | D:1      | Reached XP level 2. HP: 21/22 MP: 2/2
   735 | D:2      | Found a sparkling altar of Nemelex Xobeh.
   926 | D:2      | Reached skill level 4 in Dodging
   926 | D:2      | Reached XP level 3. HP: 26/28 MP: 3/3
  1182 | D:2      | Reached skill level 1 in Stealth
  1360 | D:3      | Noticed Sigmund
  1377 | D:3      | Killed from afar by Sigmund

Skill      XL: |  1  2  3 |
---------------+----------+-----
Fighting       | 2 |  2.5
Dodging        | 4 |  4.1
Stealth        | 1 |  1.2
Short Blades   | |  3.6
Throwing       | |  1.5

Action                   || total
-------------------------++-------
Melee: Rapier            ||   119
       Bite              ||     9
  Use: Potion            ||     2
       Scroll            ||     1
 Stab: Sleeping          ||     2
Armor: Leather armour    ||    33
Dodge: Dodged            ||    94
